 Dungeon Crawl Stone Soup version 0.30-a0-6-g7c9e10e132 (webtiles) character file.

Game seed: 5346024919860991060

208 SensoryNuts the Poker (level 5, -6/50 HPs)
             Began as a Troll Fighter on Aug 22, 2022.
             Killed by divine providence
             ... invoked by an orc priest
              (13 damage)
             ... on level 3 of the Dungeon.
             The game lasted 00:01:45 (1770 turns).

SensoryNuts the Poker (Troll Fighter)               Turns: 1770, Time: 00:01:45

Health: -6/50      AC:  6    Str: 26    XL:     5   Next: 55%
Magic:  4/4        EV:  9    Int:  4    God:
Gold:   89         SH:  7    Dex:  9    Spells: 4/4 levels left

rFire   . . .      SeeInvis .    a - +0 trident
rCold   . . .      Faith    .    c - +0 kite shield
rNeg    . . .      Spirit   .    b - +0 robe
rPois   .          Reflect  .    m - +2 hat
rElec   .          Harm     .    (no cloak)
rCorr   .          Rampage  .    (gloves unavailable)
Will    .....                    (boots unavailable)
Stlth   +.........               (no amulet)
HPRegen 0.96/turn                (no ring)
MPRegen 0.09/turn                (no ring)

@: mighty
A: large, unfitting armour, claws 3, regeneration 1, shaggy fur 1, tough skin 1
a: no special abilities


You were on level 3 of the Dungeon.
You visited 1 branch of the dungeon, and saw 3 of its levels.

You collected 89 gold pieces.

Inventory:

Hand Weapons
 a - a +0 trident (weapon)
Armour
 b - a +0 robe (worn)
 c - a +0 kite shield (worn)
 m - a +2 hat (worn)
Jewellery
 e - a ring of protection from fire
Scrolls
 f - a scroll of butterflies {unknown}
 k - a scroll of silence {unknown}
 l - a scroll of fear {unknown}
 n - a scroll of vulnerability {unknown}
 o - a scroll of teleportation {unknown}
 q - a scroll of magic mapping {unknown}
 r - a scroll of immolation {unknown}
Potions
 d - a potion of might
 g - a potion of attraction {unknown}
 h - a potion of heal wounds {unknown}
 i - a potion of brilliance {unknown}
 j - a potion of curing
 p - a potion of experience {unknown}


   Skills:
 + Level 2.7 Fighting
 * Level 3.8 Polearms
 + Level 3.1 Dodging
 + Level 0.1 Stealth
 + Level 3.3 Shields


You had 4 spell levels left.
You didn't know any spells.
Your spell library contained the following spells:

 Spells                   Type           Power      Damage    Failure   Level
 Summon Small Mammal      Summ           0%         N/A       80%         1
 Call Canine Familiar     Summ           0%         N/A       99%         3
 Summon Guardian Golem    Hex/Summ       0%         N/A       99%         3


Dungeon Overview and Level Annotations

Branches:
Dungeon (3/15)

Altars:


Innate Abilities, Weirdness & Mutations

You are too large for most types of armour.
You have claws for hands.
Your natural rate of healing is unusually fast.
You are covered in fur. (AC +1)
You have tough skin. (AC +1)


Message History

The orc hits you with a +0 hand axe.
You puncture the endoplasm!
You kill the endoplasm!
You block the orc's attack. x2; You block the orc priest's attack.
The orc hits you but does no damage.
You hit the kobold.
You kill the kobold!
You block the orc's attack. The orc priest closely misses you.
The orc hits you but does no damage. The orc completely misses you.
You puncture the endoplasm!
You kill the endoplasm!
The orc hits you with a +0 flail. The orc priest completely misses you.
You block the orc's attack. The orc hits you with a +0 whip.
The orc priest hits you but does no damage.
You block the orc's attack. x2; The orc barely misses you.
The quokka barely misses you.
You impale the quokka!!
You kill the quokka!
The orc misses you. The orc hits you with a +0 whip.
You block the orc's attack.
The orc priest invokes the aid of Beogh against you.
Beogh smites you!
The orc priest calls down the wrath of Beogh upon you.
Beogh smites you!
* * * LOW HITPOINT WARNING * * *
Things that are here:
a +0 whip; a quokka corpse; a kobold corpse The orc hits you but does no damage.
The orc attacks as you move away! The orc hits you but does no damage.
It was a potion of curing.
You feel better. The orc barely misses you.
You barely miss the orc. The orc hits you with a +0 hand axe.
The orc priest invokes the aid of Beogh against you.
Beogh smites you!
* * * LOW HITPOINT WARNING * * *
You puncture the orc!
You kill the orc!
You barely miss the orc priest.
The orc priest mumbles some strange prayers to Beogh against you.
Beogh smites you!
You die...

..# #.##.# #.# ## ###
#)##.###.# #.. .. .
#....†...# #.. .. .# #
####.##### #.# .## ..# ## #.#
#.# .. .... .## #.# #.#
.#..... ..## ##.## #.###)...#
...####...########g##.....#.
...'............@oo.)........
...####...#########o........#
..######.## #.##....#..
.###......# #.# ##.## # ##
#.###..# #.# ## # #.# #..###
#.# #.# #..#.## #.#
####.###...#.# #.#
#.......#.#.##


You could see an orc priest, 2 orcs and a goblin.

Vanquished Creatures
  An ogre (D:3)
  Natasha (twice) (D:2)
  A dart slug (D:1)
  An orc (D:3)
  5 ball pythons
  4 bats
  6 endoplasms
  3 giant cockroaches
  3 goblins
  7 hobgoblins
  2 jackals (D:2)
  8 quokkas
  6 kobolds
  9 rats
58 creatures vanquished.

Notes
Turn   | Place    | Note
-------+----------+-------------------------------------------
     0 | D:1      | SensoryNuts the Troll Fighter began the quest for the Orb.
     0 | D:1      | Reached XP level 1. HP: 22/22 MP: 0/0
   258 | D:1      | Reached XP level 2. HP: 29/29 MP: 1/1
   615 | D:1      | Reached XP level 3. HP: 36/36 MP: 2/2
   869 | D:2      | Noticed Natasha
   875 | D:2      | Killed Natasha
   902 | D:2      | Reached XP level 4. HP: 44/44 MP: 3/3
   905 | D:2      | Found a faded altar of an unknown god.
  1108 | D:2      | Noticed Natasha
  1120 | D:2      | Killed Natasha
  1746 | D:3      | Noticed an ogre
  1756 | D:3      | Killed an ogre
  1757 | D:3      | Reached XP level 5. HP: 39/50 MP: 4/4
  1770 | D:3      | Killed from afar by an orc priest

Illustrated notes

Levels and vault maps discovered:
D:1:      minmay_arrival_jagged, layout_basic
D:2:      layout_loops_corners, dreamdust_ecumenical_altar_angels_and_demons,
          uniq_natasha
D:3:      layout_loops_corners, minmay_misc_feat_chi, corexii_leaking_fountain

Skill      XL: |  1  2  3  4 |
---------------+-------------+-----
Shields        | 3 |  3.3
Polearms       | 2 3 |  3.8
Dodging        | 3 |  3.1
Fighting       | |  2.7
Stealth        | |  0.1

Action                   |  1- 3 |  4- 6 || total
-------------------------+-------+-------++-------
Melee: Trident           |    95 |    93 ||   188
  Use: Potion            |       |     2 ||     2
 Stab: Sleeping          |     1 |       ||     1
Armor: Robe              |    20 |    33 ||    53
Dodge: Dodged            |    36 |    36 ||    72
Block: Kite shield       |    33 |    36 ||    69

Table legend: (Time is in decaauts)
 A = Elapsed time spent in this place.
 B = Non-inter-level travel time spent in this place.
 C = Inter-level travel time spent in this place.
 D = Time resting spent in this place.
 E = Time spent auto-exploring this place.
 F = Levels seen in this place.
 G = Mean time per level.
                   A        B        C        D        E       F      G
               +--------+--------+--------+--------+--------+-----+--------+
         Total |   1829 |   1765 |     64 |      0 |   1369 |   3 |  609.7 |
       Dungeon |   1829 |   1765 |     64 |      0 |   1369 |   3 |  609.7 |
               +--------+--------+--------+--------+--------+-----+--------+

Top non-repeatable levels by time:
     D:2: 829 daAuts
     D:1: 813 daAuts
     D:3: 185 daAuts
